 Dungeon Crawl Stone Soup version 0.29.0-5-ge4962eb29e (webtiles) character file.

Game seed: 13551619645837779445

396 Leibowitz the Cutter (level 6, -1/50 HPs)
             Began as a Demigod Gladiator on Aug 28, 2022.
             Slain by Grinder (6 damage)
             ... while paralysed by Grinder
             ... on level 5 of the Dungeon.
             The game lasted 00:07:06 (4245 turns).

Leibowitz the Cutter (Demigod Gladiator)            Turns: 4245, Time: 00:07:06

Health: -1/50      AC:  5    Str: 15    XL:     6   Next: 27%
Magic:  8/8        EV:  2    Int: 12    God:
Gold:   140        SH:  0    Dex: 23    Spells: 5/5 levels left

rFire   . . .      SeeInvis .   a - +2 dagger (venom)
rCold   . . .      Faith    .   (no shield)
rNeg    . . .      Spirit   .   o - +2 robe "Porat" {rPois Int+2}
rPois   +          Reflect  +   c - +0 helmet
rElec   .          Harm     .   (no cloak)
rCorr   .          Rampage  .   (no gloves)
Will    .....                   (no boots)
Stlth   +++.......              k - amulet of reflection
HPRegen 0.16/turn               (no ring)
MPRegen 0.11/turn               (no ring)

@: paralysed
A: high MP 1, forlorn, divine attributes
a: no special abilities


You were on level 5 of the Dungeon.
You visited 1 branch of the dungeon, and saw 5 of its levels.

You collected 140 gold pieces.

Inventory:

Hand Weapons
 a - a +2 dagger of venom (weapon)
 t - a +0 rapier
Missiles
 d - 4 throwing nets (quivered)
 e - a javelin
Armour
 c - a +0 helmet (worn)
 o - the +2 robe "Porat" (worn) {rPois Int+2}
   (You found it on level 2 of the Dungeon)

   Int:       It affects your intelligence (+2).
   rPois:     It protects you from poison.
Jewellery
 k - an amulet of reflection (around neck)
Wands
 A - a wand of iceblast (10)
Scrolls
 f - 4 scrolls of identify {unknown}
 g - 2 scrolls of enchant weapon {unknown}
 h - a scroll of silence {unknown}
 i - a scroll of summoning {unknown}
 s - a scroll of blinking {unknown}
 u - a scroll of fear {unknown}
 v - 2 scrolls of teleportation {unknown}
 y - a scroll of torment {unknown}
Potions
 j - a potion of brilliance {unknown}
 l - 3 potions of mutation {unknown}
 m - a potion of heal wounds {unknown}
 n - a potion of invisibility {unknown}
 p - a potion of flight {unknown}
 q - a potion of berserk rage {unknown}
 r - a potion of haste {unknown}
 w - 3 potions of curing {unknown}
 x - 2 potions of cancellation {unknown}
 z - a potion of magic {unknown}
 B - a potion of might {unknown}


   Skills:
 * Level 2.6 Fighting
 * Level 4.7 Short Blades
 - Level 1.7 Throwing
 * Level 1.7 Armour
 * Level 3.9 Dodging
 * Level 2.3 Stealth
 - Level 0.2 Shields


You had 5 spell levels left.
You didn't know any spells.
Your spell library contained the following spells:

 Spells                   Type           Power      Damage    Failure   Level
 Sting                    Tmut/Pois      0%         1d3       32%         1
 Poisonous Vapours        Pois/Air       0%         N/A       45%         2
 Conjure Flame            Conj/Fire      0%         6-21      69%         3
 Dazzling Flash           Conj/Hex       0%         N/A       69%         3
 Ignite Poison            Fire/Tmut/Pois 0%         N/A       69%         3
 Olgreb's Toxic Radiance  Pois           0%         N/A       97%         4
 Sticky Flame             Conj/Fire      0%         2d3       97%         4
 Agony                    Necr           0%         N/A       100%        5
 Fireball                 Conj/Fire      0%         3d3       100%        5
 Silence                  Hex/Air        0%         N/A       100%        5
 Starburst                Conj/Fire      0%         6d3       100%        6
 Ignition                 Fire           0%         3d3       100%        8


Dungeon Overview and Level Annotations

Branches:
Dungeon (5/15)
 Temple: D:4-7

Shops:
D:4 :

Annotations:
D:5 Grinder


Innate Abilities, Weirdness & Mutations

You have an increased reservoir of magic. (+10% MP)
You shall have no god before yourself.
Your divine heritage dramatically boosts your attributes as you level up.


Message History

The orc wizard barely misses you.
You hit the orc wizard.
The orc wizard looks as sick as possible!
The orc wizard is heavily wounded.
The orc wizard closely misses you.
You hit the orc wizard.
You kill the orc wizard!
You closely miss Grinder. You punch Grinder, but do no damage.
Grinder gestures at you. Pain shoots through your body!
You closely miss Grinder. You hit Grinder.
Grinder is lightly wounded.
You block Grinder's attack.
You closely miss Grinder.
Grinder is lightly wounded.
Grinder grins, showing sharp teeth.
Grinder hits you.
You writhe in agony.
You hit Grinder.
Grinder is moderately wounded.
Grinder hits you!
You writhe in agony.
You barely miss Grinder.
Grinder is moderately wounded.
You hit Grinder but do no damage.
Grinder is moderately wounded.
Grinder barely misses you.
You barely miss Grinder.
Grinder is moderately wounded.
Grinder closely misses you.
You hit Grinder but do no damage.
Grinder is moderately wounded.
Grinder gestures at you.
You suddenly lose the ability to move!
Grinder hits you.
You writhe in agony.
* * * LOW HITPOINT WARNING * * *
Grinder barely misses you. Grinder hits you.
* * * LOW HITPOINT WARNING * * *
You writhe in agony.
You die...

####### ......# ......#
....).# ......#
#############...
......###.......@5Oo'...
.[........###########...
.......#### .....>.....
......####.# .........
.#....... .#.##.####
.#.##.#


You could see Grinder, an ogre and an orc priest.

Vanquished Creatures
  2 scorpions
  3 hounds (D:4)
  An orc priest (D:3)
  An iguana (D:4)
  An orc wizard (D:5)
  2 adders
  2 ufetubi (D:5)
  2 dart slugs
  6 orcs
  8 endoplasms
  3 giant cockroaches
  8 goblins
  6 hobgoblins
  6 jackals
  3 quokkas
  3 ball pythons
  5 bats
  5 frilled lizards
  4 kobolds
  4 rats
75 creatures vanquished.

Vanquished Creatures (others)
  4 toadstools (D:1)
4 creatures vanquished.

Grand Total: 79 creatures vanquished

Notes
Turn   | Place    | Note
-------+----------+-------------------------------------------
     0 | D:1      | Leibowitz the Demigod Gladiator began the quest for the
                  | Orb.
     0 | D:1      | Reached XP level 1. HP: 17/17 MP: 3/3
   356 | D:1      | Reached XP level 2. HP: 13/24 MP: 4/4
   599 | D:1      | Reached skill level 3 in Short Blades
  1811 | D:2      | Reached XP level 3. HP: 29/29 MP: 5/5
  1816 | D:2      | Identified the +2 robe "Porat" {rPois Int+2}
  2999 | D:3      | You fall into a shaft and drop 1 floor!
  3012 | D:4      | Found Veth's Book Shop.
  3037 | D:4      | Reached skill level 1 in Armour
  3037 | D:4      | Reached skill level 1 in Stealth
  3037 | D:4      | Reached XP level 4. HP: 22/36 MP: 6/6
  3218 | D:4      | Reached skill level 4 in Short Blades
  3370 | D:3      | Reached XP level 5. HP: 41/41 MP: 7/7
  4136 | D:5      | Entered Level 5 of the Dungeon
  4170 | D:5      | Reached XP level 6. HP: 43/50 MP: 8/8
  4220 | D:5      | Noticed Grinder
  4242 | D:5      | Paralysed by Grinder for 5 turns
  4245 | D:5      | Slain by Grinder

Illustrated notes

Levels and vault maps discovered:
D:1:      ldierk_walled_garden_2, layout_basic
D:2:      layout_basic, chequers_ecumenical_altar_island,
          minmay_misc_feat_pillars, chequers_big_river, kennysheep_small_spiral,
          minmay_tromino_v2
D:3:      layout_basic
D:4:      layout_basic, serial_shops, kennysheep_mini_moat
D:5:      layout_basic, gammafunk_ghost_nasty_kobolds, uniq_pikel, uniq_grinder

Skill      XL: |  1  2  3  4  5  6 |
---------------+-------------------+-----
Dodging        | 3 |  3.9
Short Blades   | 3 4 |  4.7
Fighting       | 2 |  2.6
Armour         | 1 |  1.7
Stealth        | 1 2 |  2.3
Throwing       | |  1.7
Shields        | |  0.2

Action                   |  1- 3 |  4- 6 || total
-------------------------+-------+-------++-------
Melee: Rapier            |   104 |       ||   104
       Dagger            |    36 |    79 ||   115
       Punch             |       |     4 ||     4
 Stab: Sleeping          |     3 |     5 ||     8
Armor: Leather armour    |    24 |       ||    24
       Robe              |     5 |     7 ||    12
Dodge: Dodged            |    73 |    44 ||   117
Block: Other             |     9 |    13 ||    22
       Reflection        |       |     1 ||     1
